 Dungeon Crawl Stone Soup version 0.29.1-4-g47bece8355 (webtiles) character file.

Game seed: 16952910274349760591

1890 hawla the Frost Mage (level 9, -4/66 HPs)
             Began as a Meteoran Ice Elementalist on Dec 10, 2022.
             Was a Believer of Vehumet.
             Shot with a sling bullet by Joseph (15 damage)
             ... on level 7 of the Dungeon.
             The game lasted 00:17:24 (2609 turns).

hawla the Frost Mage (Meteoran Ice Elementalist)    Turns: 2609, Time: 00:17:24

Health: -4/66      AC:  4    Str: 12    XL:     9   Next: 63%
Magic:  21/21      EV: 14    Int: 20    God:    Vehumet [**....]
Gold:   242        SH:  0    Dex: 15    Spells: 13/23 levels left

rFire   + . .      SeeInvis .   k - +9 war axe of the Thieving Firefly {freeze, *Slow Str+3}
rCold   . . .      Faith    .   (no shield)
rNeg    . . .      Spirit   .   a - +1 robe
rPois   .          Reflect  .   (helmet restricted)
rElec   .          Harm     .   r - +0 cloak
rCorr   .          Rampage  .   (no gloves)
Will    +....                   (no boots)
Stlth   +.........              (no amulet)
HPRegen 0.21/turn               f - ring of protection from fire
MPRegen 0.17/turn               i - ring of flight

@: flying, glowing
A: sense surroundings 2, otherworldly, glowing, explore regen, beak, weak 1
a: Renounce Religion


You were on level 7 of the Dungeon.
You worshipped Vehumet.
Vehumet was pleased with you.
You visited 2 branches of the dungeon, and saw 8 of its levels.
You also visited: Sewer and Ossuary.

You collected 242 gold pieces.

Inventory:

Hand Weapons
 d - a +1 quarterstaff
 j - a +0 morningstar of flaming
 k - the +9 war axe of the Thieving Firefly (weapon) {freeze, *Slow Str+3}
   (You found it on level 7 of the Dungeon)

   It freezes those it strikes, dealing additional cold damage.
   It can also slow down cold-blooded creatures.
   Str:       It affects your strength (+3).
   *Slow:     It may slow you when you take damage.
Armour
 a - a +1 robe (worn)
 r - a +0 cloak (worn)
Magical Staves
 m - a staff of air
Jewellery
 f - a ring of protection from fire (left hand)
 i - a ring of flight (right hand)
 q - a ring of fire
 s - a ring of resist corrosion
Scrolls
 l - a scroll of vulnerability
 p - 3 scrolls of noise {unknown}
 t - a scroll of enchant weapon
Potions
 b - a potion of magic
 c - a potion of haste
 e - 3 potions of attraction
 g - 4 potions of curing
 h - 3 potions of might
 n - a potion of berserk rage
 o - a potion of mutation


   Skills:
 + Level 1.6 Fighting
 + Level 1.7 Staves
 + Level 4.4 Dodging
 - Level 1.4 Stealth
 + Level 7.9 Spellcasting
 + Level 6.3 Conjurations
 + Level 1.7 Translocations
 + Level 2.5 Fire Magic
 + Level 8.2 Ice Magic


You had 13 spell levels left.
You knew the following spells:

 Your Spells              Type           Power      Damage    Failure   Level
a - Freeze                Ice            100%       1d11      1%          1
b - Frozen Ramparts       Ice            82%        1d13      1%          3
c - Hailstorm             Conj/Ice       37%        3d9       4%          4
d - Foxfire               Conj/Fire      100%       2x1d9     1%          1
e - Apportation           Tloc           28%        N/A       4%          1

Your spell library contained the following spells:

 Spells                   Type           Power      Damage    Failure   Level
 Sandblast                Erth           14%        2d6       9%          1
 Ozocubu's Armour         Ice            41%        N/A       1%          3
 Static Discharge         Conj/Air       20%        3-6/arc   3%          2
 Necrotise                Necr           28%        1d5       9%          1
 Summon Small Mammal      Summ           28%        N/A       9%          1
 Sublimation of Blood     Necr           7%         N/A       13%         2
 Wereblood                Tmut           7%         N/A       13%         2
 Sticky Flame             Conj/Fire      25%        2d5       14%         4
 Ice Form                 Ice/Tmut       24%        N/A       16%         4
 Summon Ice Beast         Ice/Summ       24%        N/A       16%         4
 Dispel Undead            Necr           7%         3d8       65%         4
 Alistair's Intoxication  Tmut/Pois      4%         N/A       94%         5
 Summon Hydra             Summ           3%         N/A       100%        7
 Borgnjor's Revivificati  Necr           3%         N/A       100%        8
 Necromutation            Tmut/Necr      3%         N/A       100%        8
 Death's Door             Necr           3%         N/A       100%        9


Dungeon Overview and Level Annotations

Branches:
Dungeon (7/15) Zot: 2113   Temple (1/1) D:4 Zot: 540   Sewer (visited)
Ossuary (visited)

Altars:
Ashenzari
Gozag
Hepliaklqana
Kikubaaqudgha
Okawaru
Ru
Sif Muna
Trog
Uskayaw
Vehumet
Xom
Lugonu

Shops:
D:4 !   D:5 *

Annotations:
D:4 Grinder
D:7 Joseph


Innate Abilities, Weirdness & Mutations

You passively map the area around you.
You are easily found by Zot.
You glow in the dark.
You regain HP and MP as you explore.
You have a beak for a mouth.
You are weak. (Str -2)


Message History

o - a potion of mutation You now have 242 gold pieces (gained 9).
t - a scroll of enchant weapon Setting a skill training target for Axes at 16.0.
An ice beast comes into view.
An ice beast is nearby!
Casting: Frozen Ramparts (safe; 1% risk of failure)
Confirm with . or Enter, or press ? or * to list all spells.
You conjure some foxfire!
Casting: Foxfire (safe; 1% risk of failure)
Confirm with . or Enter, or press ? or * to list all spells.
You conjure some foxfire!
The foxfire hits the ice beast!
The ice beast melts!
The ice beast is moderately wounded.
Casting: Foxfire (safe; 1% risk of failure)
Confirm with . or Enter, or press ? or * to list all spells.
You conjure some foxfire!
The foxfire hits the ice beast.
The ice beast melts!
The ice beast is heavily wounded.
The foxfire hits the ice beast but does no damage.
The ice beast is heavily wounded.
The foxfire hits the ice beast.
The ice beast melts!
The ice beast is heavily wounded.
The foxfire hits the ice beast.
The ice beast melts!
The ice beast is severely wounded.
The foxfire hits the ice beast.
The ice beast melts!
The ice beast is almost dead.
You slash the ice beast!
You kill the ice beast!
Vehumet accepts your kill.
You feel your power returning.
No target in view!
Joseph shouts!
Joseph shoots a sling bullet.
The sling bullet hits you.
Joseph shoots a sling bullet.
The sling bullet hits you.
Joseph shoots a sling bullet.
The sling bullet hits you!!
Found 10 gold pieces.
Found a stone staircase leading down.
Joseph shoots a sling bullet.
The sling bullet hits you!
Joseph shoots a sling bullet.
The sling bullet hits you!!
* * * LOW HITPOINT WARNING * * *
Joseph shoots a sling bullet.
The sling bullet hits you!
You die...

, * * ......, * * *
#...#.....# #######.. * , ,
#...#.....###.......#* ,
##...#...............# , ,
#.>..#......#........##.
.....#......#.........., * ,
, ..$................# ** *
##................#*,
###*######
##...@.@.##v.......#.. ..#
#..#.###...##.######.........
#.####.........##.#
##.#.#..#.
.........#######*.#
##.#.##... ......)..#
##...#.# #....##...
.........###......#
#^.####.#.
....)))..##.......# ##..#
##.#. ....##............#
###...###..#.
.#####..#.........
#.....>......


You could see Joseph.

Vanquished Creatures
  Maggie (D:7)
  A wraith (Ossuary)
  A steam dragon (D:7)
  A water moccasin (D:6)
  Pargi (Sewer)
  3 ice beasts
  An ogre (D:6)
  A bullfrog (D:7)
  A scorpion (D:5)
  A necrophage (D:5)
  4 killer bees (D:7)
  3 orc priests
  A hound (D:4)
  A jelly (D:6)
  A human zombie (Ossuary)
  2 orc wizards
  An iguana (D:7)
  3 mummies (Ossuary)
  4 adders
  3 gnolls (D:4)
  3 ufetubi
  A worm (D:3)
  A dart slug (D:4)
  18 orcs
  6 bats (Sewer)
  5 endoplasms
  4 giant cockroaches
  4 goblins
  2 hobgoblins
  2 quokkas (D:4)
  A ball python (D:1)
  A frilled lizard (D:2)
  A goblin zombie (Ossuary)
  3 hobgoblin zombies (Ossuary)
  4 kobolds
  2 kobold zombies (Ossuary)
  An orc zombie (Ossuary)
  A rat (D:3)
95 creatures vanquished.

Vanquished Creatures (others)
  127 foxfires
  5 plants (D:3)
132 creatures vanquished.

Grand Total: 227 creatures vanquished

Notes
Turn   | Place    | Note
-------+----------+-------------------------------------------
     0 | D:1      | hawla the Meteoran Ice Elementalist began the quest for the
                  | Orb.
     0 | D:1      | Reached XP level 1. HP: 14/14 MP: 5/5
    42 | D:2      | Reached XP level 2. HP: 15/20 MP: 0/6
    94 | D:2      | Reached skill level 5 in Ice Magic
    94 | D:2      | Reached XP level 3. HP: 12/26 MP: 1/8
   188 | D:3      | Learned a level 3 spell: Frozen Ramparts
   332 | D:4      | Reached XP level 4. HP: 5/33 MP: 4/10
   348 | D:4      | Found a staircase to the Ecumenical Temple.
   375 | Temple   | Entered the Ecumenical Temple
   422 | Temple   | Became a worshipper of Vehumet
   451 | D:4      | Reached XP level 5. HP: 30/38 MP: 5/12
   496 | D:4      | Found Bejaoneff's Distillery.
   624 | D:4      | Reached skill level 5 in Spellcasting
   624 | D:4      | Reached skill level 6 in Ice Magic
   624 | D:4      | Reached XP level 6. HP: 38/45 MP: 1/14
   692 | D:4      | Noticed Grinder
   746 | D:4      | Reached * piety under Vehumet
   746 | D:4      | Offered knowledge of Foxfire by Vehumet.
   782 | D:4      | Found a glowing drain.
   786 | Sewer    | Entered a sewer
   823 | Sewer    | Noticed Pargi
   830 | Sewer    | Killed Pargi
   963 | D:5      | Entered Level 5 of the Dungeon
   969 | D:5      | Learned a level 4 spell: Hailstorm
   971 | D:5      | Learned a level 1 spell: Foxfire
   996 | D:5      | Reached XP level 7. HP: 51/51 MP: 13/16
  1076 | D:5      | Reached skill level 7 in Ice Magic
  1098 | D:5      | Found Teerph's Overcharged Wands.
  1103 | D:5      | Reached skill level 1 in Conjurations
  1177 | D:5      | Found a sand-covered staircase.
  1186 | Ossuary  | Entered an ossuary
  1186 | Ossuary  | Noticed a wraith
  1186 | Ossuary  | Noticed a wraith
  1186 | Ossuary  | Noticed a wraith
  1338 | Ossuary  | Offered knowledge of Sandblast by Vehumet.
  1372 | Ossuary  | Reached ** piety under Vehumet
  1436 | Ossuary  | Noticed a wraith
  1454 | Ossuary  | Killed a wraith
  1455 | Ossuary  | Reached skill level 5 in Conjurations
  1455 | Ossuary  | Reached XP level 8. HP: 24/58 MP: 3/17
  1688 | D:6      | Learned a level 1 spell: Apportation
  1742 | D:6      | Identified the +3 scale mail of Cefiaxun {Int+2}
  1753 | D:6      | Reached skill level 1 in Fighting
  1756 | D:6      | Reached skill level 1 in Fire Magic
  1829 | D:6      | Found a hide-covered altar of Uskayaw.
  1954 | D:6      | Reached skill level 1 in Staves
  2315 | D:6      | Gained mutation: You are weak. (Str -2) [potion of
                  | mutation]
  2315 | D:6      | Gained mutation: You have a beak for a mouth. [potion of
                  | mutation]
  2358 | D:7      | Found an iron altar of Okawaru.
  2384 | D:7      | Gained mutation: You passively map the area around you.
                  | [Meteoran growth]
  2384 | D:7      | Reached XP level 9. HP: 64/64 MP: 17/19
  2391 | D:7      | Noticed Maggie
  2402 | D:7      | Killed Maggie
  2403 | D:7      | Reached skill level 1 in Translocations
  2487 | D:7      | Noticed Joseph
  2498 | D:7      | Reached skill level 8 in Ice Magic
  2507 | D:7      | Identified the +9 war axe of the Thieving Firefly {freeze,
                  | *Slow Str+3}
  2609 | D:7      | Shot with a sling bullet by Joseph

Illustrated notes

Levels and vault maps discovered:
D:1:      minmay_arrival_three_doors, layout_rooms, minmay_three_crescents
D:2:      layout_rooms
D:3:      layout_loops_corners, serial_undead, serial_undead_c, serial_undead_c,
          serial_undead_b, serial_undead_e, serial_undead_b, serial_undead_b,
          serial_bayou_lagoon_a, uniq_sigmund
D:4:      layout_rooms, mainiacjoe_overflow_24_doors,
          minmay_temple_entry_arrows, gup_sewer_entry_spiral, serial_shops,
          nicolae_shop_hallway_stairs, uniq_crazy_yiuf_cottage, uniq_grinder
D:5:      layout_loops_ring, grunt_temple_overflow_forces_of_nature,
          nicolae_ossuary_entry_monument, nicolae_shop_overcharged_wands
D:6:      layout_cave_pods, nicolae_overflow_hidden_temple,
          kennysheep_generic_room_5
D:7:      layout_rooms, okawaru_humans, gammafunk_ghost_necromancy, uniq_joseph,
          uniq_maggie
Temple:   corrupted_temple

Skill      XL: |  1  2  3  4  5  6  7  8  9 |
---------------+----------------------------+-----
Spellcasting   | 3 4 5 6 7 |  7.9
Ice Magic      | 5 6 7 8 |  8.2
Dodging        | 3 4 |  4.4
Conjurations   | 5 6 |  6.3
Fighting       | 1 |  1.6
Fire Magic     | 1 2 |  2.5
Staves         | 1 |  1.7
Translocations | 1 |  1.7
Stealth        | |  1.4

Action                   |  1- 3 |  4- 6 |  7- 9 || total
-------------------------+-------+-------+-------++-------
Melee: Quarterstaff      |       |    11 |    27 ||    38
       War axe           |       |       |     2 ||     2
       Peck              |       |       |     2 ||     2
 Cast: Freeze            |    26 |    30 |    15 ||    71
       Frozen Ramparts   |     2 |    13 |    13 ||    28
       Foxfire           |       |       |    75 ||    75
       Hailstorm         |       |       |    13 ||    13
       Apportation       |       |       |     4 ||     4
  Use: Scroll            |     2 |     3 |    10 ||    15
       Potion            |     1 |     2 |     2 ||     5
Armor: Robe              |     1 |    18 |     5 ||    24
Dodge: Dodged            |    13 |    36 |    54 ||   103
